 Dungeon Crawl Stone Soup version 0.30-a0-652-gcc886f7154 (webtiles) character file.

Game seed: 15613922257791890040

527 testman the Grave Robber (level 7, -16/54 HPs)
             Began as a Demonspawn Necromancer on Jan 17, 2023.
             Demolished by Edmund
             ... wielding a +4 dire flail of holy wrath
              (18 damage)
             ... on level 7 of the Dungeon.
             The game lasted 00:14:10 (3121 turns).

testman the Grave Robber (Demonspawn Necromancer)   Turns: 3121, Time: 00:14:11

Health: -16/54     AC:  4    Str:  8    XL:     7   Next: 3%
Magic:  7/13       EV: 12    Int: 19    God:
Gold:   177        SH:  0    Dex: 13    Spells: 1/14 levels left

rFire   . . .      SeeInvis .    u - +0 dagger (drain)
rCold   + . .      Faith    .    (no shield)
rNeg    . . .      Spirit   .    a - +0 robe
rPois   .          Reflect  .    (helmet restricted)
rElec   .          Harm     .    (no cloak)
rCorr   .          Rampage  .    (no gloves)
Will    .....                    (no boots)
Stlth   ++                       d - amulet of regeneration
HPRegen 1.09/turn                l - ring of protection from cold
MPRegen 0.26/turn                (no ring)

@: no status effects
A: horns 2, yellow scales 1, spiny 1, magic regeneration
a: no special abilities


You were on level 7 of the Dungeon.
You visited 1 branch of the dungeon, and saw 6 of its levels.

You collected 177 gold pieces.

Inventory:

Hand Weapons
 e - a +0 dagger
 s - a +0 hand axe of flaming
 u - a +0 dagger of draining (weapon)
Armour
 a - a +0 robe (worn)
 q - a +0 pair of boots
Jewellery
 d - an amulet of regeneration (around neck)
 l - a ring of protection from cold (left hand)
 p - an amulet of the acrobat
Wands
 r - a wand of acid (6)
Scrolls
 f - a scroll of amnesia {unknown}
 h - a scroll of torment {unknown}
 i - 4 scrolls of identify {unknown}
 k - a scroll of enchant armour {unknown}
 m - 2 scrolls of vulnerability {unknown}
 o - a scroll of poison {unknown}
 t - 2 scrolls of fear {unknown}
 v - a scroll of magic mapping {unknown}
 w - a scroll of fog {unknown}
 x - a scroll of blinking {unknown}
 y - a scroll of brand weapon {unknown}
Potions
 b - a potion of magic
 c - a potion of ambrosia {unknown}
 g - a potion of mutation {unknown}
 j - 4 potions of curing {unknown}
 n - a potion of degeneration {unknown}
 z - a potion of berserk rage {unknown}


   Skills:
 + Level 4.0 Fighting
 - Level 1.7 Dodging
 - Level 1.7 Stealth
 + Level 4.3 Spellcasting
 + Level 6.4 Necromancy


You had one spell level left.
You knew the following spells:

 Your Spells              Type           Power      Damage    Failure   Level
a - Necrotise             Necr           100%       1d9       1%          1
b - Vampiric Draining     Necr           28%        2d8       2%          3
c - Animate Dead          Necr           28%        N/A       10%         4
d - Agony                 Necr           28%        N/A       26%         5

Your spell library contained the following spells:

 Spells                   Type           Power      Damage    Failure   Level


Dungeon Overview and Level Annotations

Branches:
Dungeon (7/15)
 Temple: D:4-7

Altars:
Cheibriados
Fedhas
Kikubaaqudgha
Ru
Xom
Yredelemnul

Annotations:
D:6 Dowan, Duvessa
D:7 Edmund


Innate Abilities, Weirdness & Mutations

You have a pair of horns on your head.
You are partially covered in yellow scales. (AC +2)
You are partially covered in sharp spines.
You regenerate magic rapidly.


Message History

Confirm with . or Enter, or press ? or * to list all spells.
Okay, then.
Unknown command.
Okay, then.
Okay, then.
Okay, then.
Casting: Necrotise (safe; 1% risk of failure)
Confirm with . or Enter, or press ? or * to list all spells.
Okay, then.
The orc attacks as you move away! The orc barely misses you.
Edmund barely misses you.
The orc priest mumbles some strange prayers to Beogh against you.
Beogh smites you!
Edmund hits you with a +4 dire flail of holy wrath!
* * * LOW HITPOINT WARNING * * *
You convulse!
* * * LOW HITPOINT WARNING * * *
Edmund attacks as you move away! Edmund closely misses you.
The orc priest looks braver for a moment.
The orc attacks as you move away! The orc is struck by your spines.
The orc hits you but does no damage.
Okay, then.
Casting: Necrotise (safe; 1% risk of failure)
Confirm with . or Enter, or press ? or * to list all spells.
Aiming: Vampiric Draining (dangerous; 2% risk of failure)
Press: ? - help, Shift-Dir - straight line, f - orc
Aim: an orc, wielding a +0 dagger (severely wounded)
You draw life force from the orc.
You kill the orc!
You feel life coursing into your body.
Casting: Vampiric Draining (dangerous; 2% risk of failure)
Confirm with . or Enter, or press ? or * to list all spells.
Aiming: Vampiric Draining (dangerous; 2% risk of failure)
Press: ? - help, Shift-Dir - straight line, f - Edmund
Aim: Edmund, wielding a +4 dire flail of holy wrath and wearing a +0 chain mail You draw life force from Edmund!
You feel life coursing into your body.
Edmund hits you with a +4 dire flail of holy wrath!
* * * LOW HITPOINT WARNING * * *
You convulse!!
You die...

##### #####...###
#.#.......### ##
##@..........# ...##
#@#..........# .....#
##.#..........#
......####.##o.........#
........##.##..........#
..........######..######
.............######
................#
.....>...........
...........#####.


You could see Edmund.

Vanquished Creatures
  An ice beast (D:3)
  A scorpion (D:4)
  A hound (D:4)
  A jelly (D:4)
  2 orc priests
  Terence (D:3)
  3 orc wizards
  5 adders
  2 worms (D:2)
  3 dart slugs
  18 orcs
  5 endoplasms
  3 giant cockroaches
  6 goblins
  4 hobgoblins
  2 jackals (D:1)
  6 kobolds
  3 quokkas
  6 ball pythons
  4 bats
  A frilled lizard (D:1)
  5 rats
  A butterfly (D:3)
84 creatures vanquished.

Vanquished Creatures (collateral kills)
  A dart slug (D:4)
  An endoplasm (D:1)
  A goblin (D:4)
  A ball python (D:1)
  A rat (D:3)
5 creatures vanquished.

Vanquished Creatures (others)
  12 fungi
  20 plants (D:3)
  3 toadstools (D:2)
35 creatures vanquished.

Grand Total: 124 creatures vanquished

Notes
Turn   | Place    | Note
-------+----------+-------------------------------------------
     0 | D:1      | testman the Demonspawn Necromancer began the quest for the
                  | Orb.
     0 | D:1      | Reached XP level 1. HP: 13/13 MP: 3/3
   390 | D:1      | Gained mutation: You are partially covered in yellow
                  | scales. (AC +2) [demonic ancestry]
   390 | D:1      | Reached XP level 2. HP: 20/20 MP: 3/5
   522 | D:1      | Reached skill level 1 in Fighting
   820 | D:2      | Identified the +1 pair of boots "Geiminedd" {rElec rC+
                  | rCorr}
  1059 | D:2      | Gained mutation: You regenerate magic rapidly. [demonic
                  | ancestry]
  1059 | D:2      | Reached XP level 3. HP: 25/26 MP: 6/6
  1475 | D:2      | Learned a level 3 spell: Vampiric Draining
  1583 | D:3      | Found an ancient bone altar of Kikubaaqudgha.
  1634 | D:3      | Found a shimmering altar of Xom.
  1671 | D:3      | Reached skill level 5 in Necromancy
  1671 | D:3      | Gained mutation: You are partially covered in sharp spines.
                  | [demonic ancestry]
  1671 | D:3      | Reached XP level 4. HP: 33/33 MP: 4/8
  1825 | D:3      | Noticed an ice beast
  1842 | D:3      | Killed an ice beast
  1843 | D:3      | Gained mutation: You have a pair of small horns on your
                  | head. [demonic ancestry]
  1843 | D:3      | Reached XP level 5. HP: 27/40 MP: 8/10
  1996 | D:3      | Noticed Terence
  2012 | D:3      | Killed Terence
  2013 | D:3      | Gained mutation: You have a pair of horns on your head.
                  | [demonic ancestry]
  2013 | D:3      | Reached XP level 6. HP: 25/47 MP: 0/11
  2160 | D:3      | Found a sacrificial altar of Ru.
  2206 | D:3      | Found a basalt altar of Yredelemnul.
  2252 | D:3      | Found a blossoming altar of Fedhas.
  2478 | D:4      | Reached skill level 6 in Necromancy
  2792 | D:4      | Found a snail-covered altar of Cheibriados.
  3013 | D:4      | Reached XP level 7. HP: 54/54 MP: 4/13
  3058 | D:4      | Learned a level 4 spell: Animate Dead
  3065 | D:4      | Learned a level 5 spell: Agony
  3086 | D:4      | You fall into a shaft and drop 3 floors!
  3104 | D:6      | Noticed Edmund
  3113 | D:6      | Noticed Dowan
  3113 | D:6      | Noticed Duvessa
  3121 | D:7      | HP: 2/54 [Edmund/+4 dire flail of holy wrath (14)]
  3121 | D:7      | Demolished by Edmund

Illustrated notes

Levels and vault maps discovered:
D:1:      dpeg_arrival_simpleton_c, layout_rooms, serial_bayou_lake_a
D:2:      layout_loops_ring, minmay_gold_behind_fungi
D:3:      layout_loops_ring, kiku_gazebo_garden_becter,
          nicolae_ru_the_path_less_chosen, xom_butterflies, minitemple,
          kennysheep_boxes, uniq_terence
D:4:      layout_layer_cave, lemuel_crystal_altar, serial_shops,
          nicolae_shop_advertising_works [nicolae_subvault_shop_adworks],
          wad_woods_river_04, kennysheep_generic_room_7
D:6:      layout_loops_ring, uniq_sigmund, uniq_duvessa, uniq_edmund
D:7:      cheibrodos_fzero, layout_cave_pods, dk_vineyard_3, uniq_menkaure,
          uniq_crazy_yiuf_cottage, uniq_pikel

Skill      XL: |  1  2  3  4  5  6 |
---------------+-------------------+-----
Fighting       | 1 2 3 4 |  4.0
Necromancy     | 5 6 |  6.4
Spellcasting   | 3 4 |  4.3
Dodging        | |  1.7
Stealth        | |  1.7

Action                   |  1- 3 |  4- 6 |  7- 9 || total
-------------------------+-------+-------+-------++-------
Melee: Unarmed           |    31 |       |       ||    31
       Club              |     7 |       |       ||     7
       Dagger            |    84 |    36 |     4 ||   124
       Hand axe          |       |    26 |       ||    26
       Punch             |       |     2 |       ||     2
       Headbutt          |       |     6 |     1 ||     7
 Cast: Necrotise         |    55 |    63 |     1 ||   119
       Vampiric Draining |       |     3 |     2 ||     5
 Stab: Sleeping          |     2 |     2 |       ||     4
Armor: Robe              |    26 |    13 |     3 ||    42
Dodge: Dodged            |    85 |    48 |     5 ||   138

Table legend: (Time is in decaauts)
 A = Elapsed time spent in this place.
 B = Non-inter-level travel time spent in this place.
 C = Inter-level travel time spent in this place.
 D = Time resting spent in this place.
 E = Time spent auto-exploring this place.
 F = Levels seen in this place.
 G = Mean time per level.
                   A        B        C        D        E       F      G
               +--------+--------+--------+--------+--------+-----+--------+
         Total |   3182 |   3086 |     96 |      2 |   2408 |   6 |  530.3 |
       Dungeon |   3182 |   3086 |     96 |      2 |   2408 |   6 |  530.3 |
               +--------+--------+--------+--------+--------+-----+--------+

Top non-repeatable levels by time:
     D:3: 933 daAuts
     D:2: 799 daAuts
     D:1: 784 daAuts
     D:4: 629 daAuts
     D:7: 30 daAuts
     D:6: 5 daAuts
